 Dungeon Crawl Stone Soup version 0.27.1-34-g3ba077fa99 (webtiles) character file.

Game seed: 14893197362444055766

102 lonewolfV2 the Skirmisher (level 4, 0/40 HPs)
             Began as a Ghoul Fighter on Jan 19, 2022.
             Slain by a gnoll (4 damage)
             ... on level 3 of the Dungeon.
             The game lasted 00:04:22 (2100 turns).

lonewolfV2 the Skirmisher (Ghoul Fighter)           Turns: 2100, Time: 00:04:22

Health: 0/40       AC:  6    Str: 19    XL:     4   Next: 77%
Magic:  3/3        EV:  7    Int:  3    God:
Gold:   106        SH:  9    Dex:  9    Spells: 3/3 levels left

rFire    . . .     SeeInvis .   d - +1 demon blade (pain)
rCold    + . .     Faith    .   b - +0 kite shield
rNeg     + + +     Spirit   .   a - +0 scale mail
rPois    ∞         Reflect  .   (no helmet)
rElec    .         Harm     .   (no cloak)
rCorr    .         Rampage  .   (no gloves)
Will     .....                  (no boots)
Stlth    ..........             (no amulet)
HPRegen  0.00/turn              (no ring)
MPRegen  0.08/turn              (no ring)

@: inhibited regen
A: claws 1, cold resistance 1, negative energy resistance 3, inhibited
regeneration, torment resistance 2
a: no special abilities


You were on level 3 of the Dungeon.
You visited 1 branch of the dungeon, and saw 3 of its levels.

You collected 106 gold pieces.

Inventory:

Hand Weapons
 d - a +1 demon blade of pain (weapon)
Armour
 a - a +0 scale mail (worn)
 b - a +0 kite shield (worn)
Jewellery
 f - an amulet of magic regeneration
Scrolls
 g - a scroll of amnesia
Potions
 c - 3 potions of might
 e - a potion of brilliance
 h - a potion of lignification {unknown}
 i - a potion of heal wounds {unknown}


   Skills:
 + Level 3.7 Fighting
 + Level 1.0 Long Blades
 + Level 3.4 Armour
 + Level 0.7 Dodging
 + Level 3.2 Shields
 + Level 3.0 Unarmed Combat


You had 3 spell levels left.
You didn't know any spells.
Your spell library contained the following spells:

 Spells                   Type           Power      Damage    Failure   Level
 Summon Small Mammal      Summ           0%         N/A       100%        1
 Call Canine Familiar     Summ           0%         N/A       100%        3
 Summon Guardian Golem    Hex/Summ       0%         N/A       100%        3


Dungeon Overview and Level Annotations

Branches:
Dungeon (3/15)

Altars:


Innate Abilities, Weirdness & Mutations

You thrive by killing the living.
You are immune to poison.
You have sharp fingernails.
Your flesh is cold resistant. (rC+)
You are immune to negative energy. (rN+++)
You do not regenerate when monsters are visible.
You are immune to unholy pain and torment.


Message History

You see here a potion of might.
c - 3 potions of might (gained 1)
The bat hits you. You block the bat's attack. The bat barely misses you.
Your shield and scale mail prevent you from hitting the bat.
The bat barely misses you.
You riposte.
You closely miss the bat. You hit the bat.
The bat is heavily wounded.
You block the bat's attack. x2
Your scale mail prevents you from hitting the bat.
The bat is heavily wounded.
The bat hits you.
You slash the bat!
You kill the bat!
You feel better.
HP restored. 3 gnolls come into view.
The gnoll shouts! x2
The gnoll hits you from afar with a +0 halberd!
There are monsters nearby!
There are monsters nearby!
The gnoll completely misses you.
You hit the gnoll.
The gnoll is lightly wounded.
The gnoll hits you with a +0 club. The gnoll closely misses you. x2
You riposte.
You hit the gnoll.
The gnoll is moderately wounded.
The gnoll hits you from afar with a +0 halberd!
You hit the gnoll.
The gnoll is heavily wounded.
The gnoll barely misses you.
The gnoll hits you from afar with a +0 halberd!
* * * LOW HITPOINT WARNING * * *
You closely miss the gnoll.
The gnoll is heavily wounded.
The gnoll closely misses you.
You riposte.
You hit the gnoll.
The gnoll is almost dead.
The gnoll completely misses you. The gnoll hits you with a +0 club.
You die...

..##.#....###.†§§....#
.........>...........#
...#.####.###.###.##.#
..<#.# ....#.#...##.##
.#.#.##.#.#)#.#.......#
.<...##.#.#.#.#.#######
...####.#.#.#.#........
.....##.#.#.#.#.########
#..#.##.#...#...@ggg....
#..#.##.#.#.#.##########
##.#.##.#.#<#..
..#........#
######.#.#.# #.#.#.#
#.#.#.# #.#.#.. ....###


You could see 3 gnolls.

Vanquished Creatures
  3 adders (D:2)
  3 worms (D:2)
  A dart slug (D:1)
  7 ball pythons
  6 bats
  3 endoplasms
  10 giant cockroaches
  6 goblins
  6 hobgoblins (D:1)
  2 quokkas
  2 frilled lizards
  4 kobolds
  4 rats
57 creatures vanquished.

Notes
Turn   | Place    | Note
-------+----------+-------------------------------------------
     0 | D:1      | lonewolfV2 the Ghoul Fighter began the quest for the Orb.
     0 | D:1      | Reached XP level 1. HP: 19/19 MP: 0/0
   192 | D:1      | Reached XP level 2. HP: 26/26 MP: 1/1
   232 | D:1      | You fall into a shaft and drop 1 floor!
   251 | D:2      | Reached XP level 3. HP: 14/31 MP: 2/2
  1348 | D:1      | Reached XP level 4. HP: 39/39 MP: 3/3
  1374 | D:1      | Identified a scroll of acquirement
  1375 | D:1      | Acquired a +1 demon blade of pain
  2011 | D:2      | Reached skill level 1 in Long Blades
  2100 | D:3      | Slain by a gnoll

Illustrated notes

Levels and vault maps discovered:
D:1:      onia_arrival_mini_spirals, layout_rooms, minmay_pentomino_s4
D:2:      minmay_roachtagon, layout_basic
D:3:      layout_basic, grunt_temple_overflow_opulence, grunt_decor_junction

Skill      XL: |  1  2  3  4 |
---------------+-------------+-----
Armour         | 3 |  3.4
Shields        | 3 |  3.2
Unarmed Combat | 3 |  3.0
Long Blades    | 1 |  1.0
Fighting       | |  3.7
Dodging        | |  0.7

Action                   |  1- 3 |  4- 6 || total
-------------------------+-------+-------++-------
Melee: Unarmed           |   106 |     2 ||   108
       Demon blade       |       |    93 ||    93
  Use: Potion            |     2 |       ||     2
       Scroll            |     1 |     2 ||     3
Armor: Scale mail        |    82 |    79 ||   161
Dodge: Dodged            |    60 |    63 ||   123
Block: Kite shield       |    72 |    86 ||   158
       Rpst.: Demon blade |       |    20 ||    20
